[Event "*** Titled Tuesday 3|2 Blitz"]
[Site "Chess.com"]
[Date "2016.04.05"]
[Round "1"]
[White "chessbia"]
[Black "MasterLeif"]
[Result "1/2-1/2"]
[WhiteElo "2011"]
[BlackElo "2376"]
[TimeControl "180+2"]
[EndTime "11:41:56 PDT"]
[Termination "Game drawn - insufficient material"]

1. d4 d5 2. c4 e5 3. dxe5 d4 4. Nf3 Nc6 5. a3 Nge7 6. e3 Bg4 7.
Be2 dxe3 8. Qxd8+ Rxd8 9. Bxe3 Ng6 10. Nbd2 Ngxe5 11. Nxe5 Nxe5 12. Bxg4 Nxg4 13. Bf4 Bd6 14. Bxd6 Rxd6 15. f3 Ne3 16. Ne4 Re6 17. Kf2 Nxc4 18. Rhc1 Rc6 19. b3 Ne5 20. Rxc6 Nxc6 21. Nc5 b6 22. Re1+ Kd8 23. Ne4 h6 24. Ng3 Nd4 25. Rd1 c5 26. b4 Kc7 27. bxc5 bxc5 28. Rc1 Ne6 29. Nf5 Rd8 30. Ke3 h5 31. h4 g6 32. Ng3 Rd4 33. Ne4 Ra4 34. Rc3 Kb6 35. Nd6 f5 36. g3 Nd4 37. Nc4+ Kb5 38. Nd6+ Kc6 39. Nf7 Kd5 40. Nh8 Rxa3 41. Rxa3 Nc2+ 42. Kd2 Nxa3 43. Nxg6 Nc4+ 44. Kc3 Ne5 45. Nf4+ Kc6 46. Nxh5 Nxf3 47. Ng7 Kd5 48. h5 Ke5 49. h6 Ng5 50.
Ne8 a5 51. Kc4 a4 52. Nc7 Kf6 53. Nb5 Kg6 54. Kxc5 Kxh6 55. Kb4 Ne4 56. Nd4 Kg5 57. Kxa4 Nxg3 58. Nxf5 Nxf5 1/2-1/2

[Event "*** Titled Tuesday 3|2 Blitz"]
[Site "Chess.com"]
[Date "2016.04.05"]
[Round "1"]
[White "Goala"]
[Black "GulamaliRises"]
[Result "0-1"]
[WhiteElo "2239"]
[BlackElo "2551"]
[TimeControl "180+2"]
[EndTime "11:42:30 PDT"]
[Termination "GulamaliRises won on time"]

1. d4 e6 2. c4 c5 3. d5 exd5 4.
cxd5 d6 5. Nc3 g6 6. e4 Bg7 7. h3 a6 8. a4 Ne7 9. Bd3 h6 10. Nf3 g5 11. h4 g4 12. Nd2 h5 13. Nc4 Ng6 14. Bg5 f6 15. e5 Nxe5 16. Nxe5 dxe5 17. Bg6+ Kf8 18. Be3 Nd7 19. d6 f5 20. Bg5 Nf6 21.
Nd5 Be6 22. Nc7 Bf7 23. Bxf7 Kxf7 24. Qb3+ Kg6 25. Nxa8 Qxa8 26. O-O Qc8 27. Rfd1 Rd8 28. a5 Rd7 29. Qe6 Qe8 30. Qc4 Ne4 31. Be7 Bf6 32.
Bxf6 Kxf6 33. b4 Qe6 34. Qc1 f4 35. bxc5 g3 36. f3 Nf2 37. Rf1 Qd5 38. Rxf2 gxf2+ 39.
Kxf2 Qd4+ 40. Kf1 Qd3+ 41. Kg1 Rg7 42. Qd1 Qe3+ 43. Kh1 Qf2 44. Qf1 Qxh4+ 45. Kg1 Qg5 46. d7 Rxd7 47. Rd1 Qf5 48. Rxd7 Qxd7 49. Qb1 Qb5 50. Qh7 Qxc5+ 51. Kh2 Qxa5 52. Qxb7 Qb5 53. Qh7 a5 54. Qh6+ Ke7 55. Qxh5 a4 56. Qh7+ Kd6 57. Qg6+ Kc5 58. Qc2+ Qc4 59. Qb2 Qd4 60. Qc2+ Kb4 61. Qb1+ Ka5 62. Qe1+ Kb5 63. Qb1+ Qb4 64. Qf1+ Ka5 65. Qe2 Qc3 66. Qe4 a3 67. Kh3 Qd4 68.
Qa8+ Kb4 69. Qb7+ Kc3 70. Qb1 Qd2 71. Qa1+ Qb2 72. Qe1+ Kd4 73. Qe4+ Kc5 0-1

[Event "*** Titled Tuesday 3|2 Blitz"]
[Site "Chess.com"]
[Date "2016.04.05"]
[Round "1"]
[White "platy3"]
[Black "D-Prawira"]
[Result "1-0"]
[WhiteElo "2510"]
[BlackElo "2205"]
[TimeControl "180+2"]
[EndTime "11:42:32 PDT"]
[Termination "platy3 won by checkmate"]

1. e4 e6 2. d4 d5 3. Nd2 Nc6 4. Ngf3 Nf6 5. e5 Nd7 6. c4 dxc4 7. Nxc4 Nb6 8. Nxb6 axb6 9. Bd3 Be7 10. O-O h6 11.
Be4 Ra5 12. Bd2 Ra7 13. Bc3 Nb4 14. Bxb4 Bxb4 15. Qb3 Be7 16. d5 exd5 17. Bxd5 O-O 18. Rfd1 Qe8 19. e6 fxe6 20. Bxe6+ Bxe6 21. Qxe6+ Qf7 22. Qxf7+ Rxf7 23. a3 Bd6 24. Rac1 Ra8 25. Nd4 Be5 26. b4 Rxa3 27. Nf3 Bd6 28. Rc4 Rf4 29. Rxf4 Bxf4 30. Kf1 Rb3 31. Rd8+ Kh7 32. Rb8 Rxb4 33. Rxb7 Rb2 34. Nd4 Bd6 35. Ne6 Rc2 36. h4 Kg6 37.
Nd4 Rc1+ 38. Ke2 Bc5 39. Rxc7 Rh1 40. Rc6+ Kh7 41. Nf5 Ra1 42. f4 Ra2+ 43. Kf3 Rf2+ 44. Kg3 Re2 45. Rc7 Bf8 46. Kf3 Rd2 47. g4 Kg8 48. h5 b5 49. Rb7 b4 50. Rb8 Kf7 51. Ke3 Rd7 52. Ke4 Bc5 53. g5 hxg5 54. fxg5 Bf8 55. g6+ Kg8 56. Nd4 Re7+ 57. Kf5 Re1 58. Ne6 Rf1+ 59. Nf4 Rf2 60. Kg4 Rf1 61. Kg3 Re1 62. Nd5 Re2 63. Kf4 Rf2+ 64. Ke3 Rf5 65.
Ne7+ Kh8 66. Nxf5 b3 67. Rxf8# 1-0

[Event "*** Titled Tuesday 3|2 Blitz"]
[Site "Chess.com"]
[Date "2016.04.05"]
[Round "1"]
[White "underdogchss"]
[Black "FairChess_on_YouTube"]
[Result "0-1"]
[WhiteElo "2363"]
[BlackElo "2718"]
[TimeControl "180+2"]
[EndTime "11:42:38 PDT"]
[Termination "FairChess_on_YouTube won by resignation"]

1. d4 g6 2. Nf3 Bg7 3. c3 Nf6 4. g3 b6 5. Bg2 Bb7 6. O-O O-O 7. Nbd2 c5 8. e3 d6 9. Re1 Nc6 10. a3 Rc8 11. e4 Nd7 12. Nf1 cxd4 13. cxd4 Ba6 14.
Bg5 h6 15. Be3 Na5 16. N1d2 e5 17. dxe5 Nxe5 18. Nxe5 Bxe5 19. b4 Nc6 20. Bxh6 Re8 21. Rb1 Nd4 22. Nf3 Nc2 23. Nxe5 dxe5 24. Qxd8 Rexd8 25. Red1 Nxa3 26. Rxd8+ Rxd8 27. Ra1 Be2 28. f4 Nc2 29. Rxa7 Nxb4 30. fxe5 Bg4 31. h3 Be6 32. Rb7 Nd3 33. Rxb6 Nxe5 34. Rb1 Ra8 35. Bf4 Nd7 36. g4 Ra4 37. Bf3 Kh7 38. Kf2 Nc5 39. Kg3 Ra3 40. Kg2 Nd3 41. Bd6 Ra6 42. e5 Ra2+ 43. Kg3 Rc2 44.
Rb8 Rc3 45. Kg2 Nf4+ 46. Kg3 Nd3 47. Kh4 Nf4 48. Be7 Rxf3 49. Bf6 g5+ 50. Kxg5 Nxh3+ 51. Kh4 Rxf6 52. exf6 Nf2 53. g5 Ne4 54. Re8 Kg6 55. Rg8+ Kf5 56. Kh5 Nd6 57. Kh6 Nc4 58. g6 fxg6 59.
Kg7 Bxg8 60. Kxg8 Kxf6 61. Kh7 g5 62. Kh6 g4 63. Kh5 g3 64. Kh4 g2 65. Kh3 g1=Q 0-1

[Event "*** Titled Tuesday 3|2 Blitz"]
[Site "Chess.com"]
[Date "2016.04.05"]
[Round "1"]
[White "FearlessKing64"]
[Black "rhungaski"]
[Result "1/2-1/2"]
[WhiteElo "2116"]
[BlackElo "2428"]
[TimeControl "180+2"]
[EndTime "11:42:54 PDT"]
[Termination "Game drawn - insufficient material"]

1. e4 e5 2. Nf3 Nc6 3. Bc4 Bc5 4. b4 Bxb4 5. c3 Ba5 6. d4 d6 7. Qb3 Qd7 8. dxe5 Bb6 9. exd6 Na5 10. Qb4 Nxc4 11. Qxc4 Qxd6 12. Ba3 Be6 13. Qe2 Qf4 14. O-O Nf6 15. Nbd2 O-O-O 16. h3 Rhe8 17. Bc1 Bxh3 18.
gxh3 Qg3+ 19. Kh1 Qxh3+ 20. Nh2 Rd3 21. Nf3 Rxc3 22. Bf4 Rxe4 23. Be3 Ng4 24. Rg1 Bxe3 25. Rxg4 Rxg4 26. fxe3 Rxe3 27. Qf1 Qxf1+ 28. Rxf1 Re2 29. Nxg4 f6 30. Rf2 Re4 31. Ngh2 c5 32. Rc2 b6 33. Kg2 Kd7 34. Kf2 g5 35. Nf1 Ra4 36. Ng3 Ke6 37. Re2+ Kf7 38. Nf5 h5 39. Nd6+ Kg6 40.
Re6 Rxa2+ 41. Kf1 h4 42. Ne5+ Kh5 43. Rxf6 h3 44. Ndf7 Kh4 45. Rh6+ Kg3 46. Nxg5 Ra1+ 47. Ke2 Ra2+ 48. Ke3 h2 49. Rh3+ Kg2 50. Nef3 Ra3+ 51. Kf4 h1=Q 52. Rg3+ Kf1 53. Ne4 Rxf3+ 54. Rxf3+ Ke1 55.
Re3+ Kd1 56. Nf2+ Kd2 57. Nxh1 b5 58. Ke4 a5 59. Rd3+ Kc2 60. Nf2 c4 61. Rd5 b4 62.
Rxa5 b3 63. Kd4 b2 64. Rb5 b1=Q 65. Rxb1 Kxb1 66. Kxc4 1/2-1/2

[Event "*** Titled Tuesday 3|2 Blitz"]
[Site "Chess.com"]
[Date "2016.04.05"]
[Round "1"]
[White "AungTZ"]
[Black "Aygehovit1992"]
[Result "1-0"]
[WhiteElo "2147"]
[BlackElo "2429"]
[TimeControl "180+2"]
[EndTime "11:43:03 PDT"]
[Termination "AungTZ won on time"]

1. e4 d6 2. d4 g6 3. Nc3 a6 4. Be2 b5 5. a3 Bb7 6. h4 Nf6 7. Bf3 e5 8. dxe5 dxe5 9. Qxd8+ Kxd8 10. Bg5 Nd7 11. O-O-O Be7 12. Nge2 h6 13. Bxf6 Bxf6 14. Bg4 Bc6 15. Nd5 Be7 16. Nec3 Bd6 17. g3 Rb8 18. f4 Re8 19. Bxd7 Bxd7 20. Nf6 Re6 21. Nxd7 Kxd7 22. f5 gxf5 23. exf5 Ree8 24. Ne4 Kc6 25. g4 b4 26. a4 b3 27. c3 Rh8 28. g5 hxg5 29. hxg5 Rxh1 30. Rxh1 Rg8 31. Rh7 Rf8 32. Kd2 a5 33. Kd3 Kd5 34. Rh6 Kc6 35.
Kc4 Rg8 36. Kxb3 Rb8+ 37. Kc2 Kd5 38. Nf6+ Kc6 39. Rh7 Rf8 40. Kd3 Be7 41. Ne4 Bd8 42. b4 axb4 43. cxb4 Rg8 44. Rh5 Kd5 45. a5 c5 46.
bxc5 Be7 47. Rh7 Bxg5 48. Rxf7 Bd8 49. Rd7+ Kc6 50. Rd6+ Kb5 51. Re6 Bxa5 52. Rxe5 Rd8+ 53. Ke3 Kc4 54. Nd6+ Kc3 55. Ke4 Bb4 56. Kd5 Rh8 57. c6 Rd8 58. Re6 Ba5 59. f6 Kb4 60. f7 Bc7 61. Re4+ Ka5 62. Re6 Kb6 63. Rf6 Rf8 64. Nc4+ Kb5 65. Ne5 Bb6 66. Nd7 Rd8 67. f8=Q 1-0

[Event "*** Titled Tuesday 3|2 Blitz"]
[Site "Chess.com"]
[Date "2016.04.05"]
[Round "1"]
[White "AnastasiaProtopopova"]
[Black "GianmarcoVaR"]
[Result "0-1"]
[WhiteElo "1915"]
[BlackElo "2374"]
[TimeControl "180+2"]
[EndTime "11:43:13 PDT"]
[Termination "GianmarcoVaR won by resignation"]

1. Nf3 Nf6 2. c4 b6 3. Nc3 Bb7 4. g3 c5 5. Bg2 g6 6. O-O Bg7 7. d4 cxd4 8. Qxd4 Nc6 9. Qh4 h6 10.
g4 Rc8 11. Be3 Na5 12. b3 h5 13. g5 Ng4 14. Bd2 Qc7 15. Qg3 Qxg3 16. fxg3 d6 17.
h3 Ne5 18. Nxe5 Bxe5 19. Bxb7 Nxb7 20. Kg2 b5 21. Rac1 bxc4 22. Na4 Kd7 23. bxc4 Nc5 24.
Nxc5+ Rxc5 25. Bb4 Rc6 26. c5 Rhc8 27. Rxf7 dxc5 28.
Bd2 c4 29. Bc3 Ke6 30. Rh7 Rc5 31. Bxe5 Rxe5 32. Rh6 Rxg5 33. h4 Rg4 34. Kf3 c3 35. Rc2 Kf6 36. Rh7 a5 37. e4 Ke6 38. Rg7 Kf6 39.
Rh7 Rc4 40. Rh8 Rgxe4 41. Rf8+ Kg7 42. Ra8 Re5 43. Rd8 Kf7 44. Rd3 Rec5 45. Ke2 e5 46.
Rd7+ Ke6 47. Rg7 Rg4 48. Kf3 e4+ 49. Kg2 Ke5 50. Re7+ Kd4 51. Kf2 Kd3 52. Rc1 c2 53. Rd7+ Kc3 54. Re7 Kd2 55. Re1 Rf5+ 56. Kg2 Kxe1 57.
Rc7 Rf2+ 58. Kh3 Kd2 59. a4 Rf3 60. Kh2 c1=Q 61. Rxc1 Kxc1 62. Kh3 Rfxg3+ 63. Kh2 Kd2 0-1

[Event "*** Titled Tuesday 3|2 Blitz"]
[Site "Chess.com"]
[Date "2016.04.05"]
[Round "1"]
[White "arna"]
[Black "biostatistician"]
[Result "1/2-1/2"]
[WhiteElo "2123"]
[BlackElo "2402"]
[TimeControl "180+2"]
[EndTime "11:43:54 PDT"]
[Termination "Game drawn by repetition"]

1. e4 e6 2. d4 d5 3. Nd2 Nc6 4. Ngf3 Nf6 5. e5 Ne4 6. Bd3 Nxd2 7. Bxd2 Nb4 8. Be2 c5 9. Bxb4 cxb4 10. O-O Bd7 11. Bd3 Qb6 12. Qe2 a6 13. Rfd1 Bb5 14. Bxb5+ Qxb5 15. Qxb5+ axb5 16. Nd2 Kd7 17. Nb3 b6 18. Kf1 Be7 19. Ke2 Ra4 20. f4 Rha8 21. Nc1 Rc8 22. Kd3 Ra7 23. Nb3 Rca8 24. Nc1 f6 25. Rf1 f5 26. h3 g5 27. g4 fxg4 28. hxg4 gxf4 29. Rxf4 Rf8 30. Rxf8 Bxf8 31. Ne2 Ke8 32.
Nf4 Kf7 33. Rf1 Ke7 34. Nxe6 Kxe6 35. Rxf8 Rxa2 36. b3 Ra1 37. Rf6+ Ke7 38. Rxb6 Rg1 39. Rb7+ Ke6 40. Rxh7 Rg3+ 41. Kd2 Rxg4 42. Rh6+ Ke7 43.
Ke3 Rg2 44. Rc6 Rg3+ 45. Kf4 Rg2 46. Rc5 Ke6 47. Rc6+ Ke7 48. Rc7+ Ke6 49. Rc6+ Ke7 50. Rc5 Ke6 51. Rxb5 Rxc2 52. Rxb4 Re2 53. Kf3 Re4 54. Rb6+ Ke7 55. Rb4 Kd7 56. Rb7+ Kc6 57. Re7 Rxd4 58. Ke3 Rb4 59. e6 Kd6 60. Re8 Rxb3+ 61. Kf4 Rb4+ 62. Kf5 Re4 63. Rd8+ Ke7 64. Rd7+ Ke8 65. Kf6 d4 66. Ra7 Rf4+ 67. Ke5 Rf1 68. Ra8+ Ke7 69. Ra7+ Kf8 70. Kd6 Re1 71. Ra8+ Kg7 72. e7 d3 73. Ra3 d2 74.
Rg3+ Kf7 75. Rf3+ Kg7 76. Rg3+ Kf6 77. Rf3+ Kg5 78. Rg3+ Kf4 79. Rd3 d1=Q 80. Rxd1 Rxd1+ 81. Kc7 Re1 82. Kd8 Rd1+ 83. Kc8 Rc1+ 84. Kd8 Rd1+ 85.
Kc8 Re1 86. Kd8 Rd1+ 87. Kc8 Re1 88. Kd8 1/2-1/2

[Event "*** Titled Tuesday 3|2 Blitz"]
[Site "Chess.com"]
[Date "2016.04.05"]
[Round "1"]
[White "ajkom197"]
[Black "Maitreia"]
[Result "1/2-1/2"]
[WhiteElo "2171"]
[BlackElo "2465"]
[TimeControl "180+2"]
[EndTime "11:44:46 PDT"]
[Termination "Game drawn - insufficient material"]

1. c4 Nf6 2. g3 g6 3. Bg2 Bg7 4. Nc3 O-O 5. e3 c5 6. Nge2 Nc6 7. O-O d6 8. d4 Bg4 9. h3 Bd7 10. b3 a6 11. Bb2 Rb8 12. dxc5 dxc5 13. a3 Qc8 14. Kh2 b5 15. Qc2 bxc4 16. bxc4 Bf5 17. e4 Nxe4 18. Bxe4 Bxe4 19. Qxe4 Rxb2 20. Rad1 e6 21.
Na4 Ra2 22. Nxc5 Nd4 23. Nxd4 Qxc5 24. Nc2 Rc8 25. Ne3 Qxa3 26. Rd7 Rf8 27. Kg1 a5 28. Rfd1 Qb2 29. Qf3 a4 30. Ra7 Ra1 31. Kg2 Rxd1 32. Qxd1 a3 33. Qa4 Bd4 34. Qxa3 Qe2 35. Ra8 Rxa8 36.
Qxa8+ Kg7 37. Qe4 Bxe3 38. Qe5+ Kg8 39. Qb8+ Kg7 40. Qe5+ f6 41. Qxe3 Qxc4 42. Qa7+ Kh6 43. Qe3+ g5 44. h4 Qd5+ 45. Kh2 Kg6 46. hxg5 fxg5 47. Qa3 Qf5 48. Qa7 h5 49. Kg1 h4 50.
gxh4 gxh4 51. Qe7 Qg4+ 52. Kf1 h3 53. Qe8+ Kf5 54. Qf8+ Ke4 55. Qb4+ Kf5 56. Qf8+ Kg5 57. Qg7+ Kf4 58. Qd4+ Kf5 59. Qd3+ Kf6 60. Qc3+ Kg6 61. Qd3+ Qf5 62. Qg3+ Kf6 63. Qh4+ Ke5 64. Qg3+ Kd5 65. Qb3+ Kd6 66. Qb6+ Ke7 67. Qc7+ Kf6 68. Qc3+ Kf7 69. Qc7+ Kg6 70. Qg3+ Kh5 71. f3 e5 72. Ke2 Kh6 73. Qh4+ Kg6 74. Qg3+ Kf6 75. Kf2 Ke6 76. Kg1 Kf6 77.
Kh2 Ke6 78. Qxh3 Kf6 79. Qxf5+ Kxf5 80. Kg3 Kg5 81. Kg2 Kf4 82. Kf2 Kf5 83. Ke3 Kg5 84. Ke4 Kf6 85. Ke3 Kf5 86. Ke2 Kf4 87. Kf2 Kg5 88. Ke3 Kf5 89. Ke2 Kf4 90. Kf2 Kf5 91. Kg3 Kg5 92. Kg2 Kf4 93. Kf2 Kf5 94. Ke3 Kg5 95. Ke4 Kf6 96. f4 exf4 97. Kxf4 1/2-1/2

[Event "*** Titled Tuesday 3|2 Blitz"]
[Site "Chess.com"]
[Date "2016.04.05"]
[Round "1"]
[White "GeorgMeier"]
[Black "Gergo85"]
[Result "1/2-1/2"]
[WhiteElo "2741"]
[BlackElo "2382"]
[TimeControl "180+2"]
[EndTime "11:46:14 PDT"]
[Termination "Game drawn - insufficient material"]

1. Nf3 f5 2. g3 Nf6 3. Bg2 g6 4. O-O Bg7 5. d4 d6 6. c4 O-O 7. Nc3 c6 8. Rb1 a5 9. a3 Na6 10. b4 axb4 11. axb4 Nc7 12. Bf4 Be6 13. d5 Bd7 14.
Nd4 Nh5 15. Bg5 Qe8 16. dxc6 bxc6 17. b5 c5 18. Nc6 Nf6 19. Qc1 Kh8 20. Rd1 Qf7 21.
b6 Ne6 22. b7 Bxc6 23. Bxc6 Rab8 24. Bxf6 Qxf6 25. Nd5 Qe5 26. Nf4 Nxf4 27. Qxf4 Qxf4 28.
gxf4 Bh6 29. e3 g5 30. fxg5 Bxg5 31. f4 Bh6 32. Kf2 Rfd8 33. Rb6 e5 34. Kf3 exf4 35. exf4 Bg7 36. Re1 Bf6 37. Ra6 Kg7 38. Re6 Bh4 39.
Ra8 Kf7 40. Bd5 Rxb7 41. Rxd8 Bxd8 42. Rxd6+ Ke7 43. Rh6 Rb3+ 44. Ke2 Ba5 45. Rxh7+ Kd6 46. Rh6+ Ke7 47. Re6+ Kd7 48. Rh6 Rb2+ 49. Kf3 Ke7 50. Re6+ Kd7 51. Rh6 Ke7 52. Be6 Rb3+ 53. Ke2 Rb2+ 54.
Kd3 Bd2 55. Bxf5 Bxf4 56. Re6+ Kf7 57. h4 Rh2 58. Rc6 Rxh4 59. Rxc5 Ke7 60. Rb5 Bh2 61. Be4 Rh3+ 62. Ke2 Bd6 63. c5 Bc7 64. Rb7 Kd8 65.
Ra7 Rc3 66. c6 Rc4 67. Kd3 Rb4 68. Ra8+ Ke7 69. Rh8 Kd6 70. Rh6+ Kc5 71. Rh5+ Kb6 72. Bd5 Rb5 73. Ke4 Rb4+ 74. Kf5 Rb5 75. Ke6 Rb2 76.
Rh1 Rb5 77. Ra1 Bb8 78. Ra2 Bc7 79. Bf3 Rb4 80. Kd7 Rd4+ 81. Ke7 Rb4 82. Ke6 Rb3 83. Be4 Rb4 84. Bd5 Rb5 85. Ra4 Rb1 86. Kd7 Rb2 87. Ra1 Rb4 88. Rd1 Be5 89. Be6 Bc7 90.
Bf7 Be5 91. Bd5 Bc7 92. Ra1 Be5 93. Ra8 Rb5 94. Ke6 Bc7 95. Rc8 Rb4 96. Rg8 Rb2 97. Kd7 Rd2 98. Rg5 Rd3 99. Kc8 Rd2 100. Rf5 Rd1 101. Kd7 Rd2 102. Rh5 Rd1 103. Ke6 Re1+ 104. Kf7 Rd1 105. Rf5 Rd2 106. Bf3 Rd3 107. Ke6 Rd2 108. Rf8 Rd3 109. Rf7 Rd2 110. Bd5 Re2+ 111. Kd7 Rd2 112. Kc8 Rxd5 113. Rxc7 Rd6 114. Rb7+ Kxc6 115. Rc7+ Kd5 116. Rd7 Rxd7 117. Kxd7 1/2-1/2

[Event "*** Titled Tuesday 3|2 Blitz"]
[Site "Chess.com"]
[Date "2016.04.05"]
[Round "1"]
[White "Iball95"]
[Black "Jungle_Jaguar"]
[Result "1-0"]
[WhiteElo "2516"]
[BlackElo "2216"]
[TimeControl "180+2"]
[EndTime "11:47:55 PDT"]
[Termination "Iball95 won by checkmate"]

1. e4 c5 2. Nf3 e6 3. g3 Nc6 4.
Bg2 g6 5. d4 cxd4 6. Nxd4 a6 7.
O-O Bg7 8. Nxc6 dxc6 9. Nd2 Nf6 10. c3 O-O 11. Nc4 b5 12. Nd6 Qe7 13. Be3 Rd8 14. Bc5 Nd7 15. Ba3 c5 16. e5 Ra7 17.
f4 Rc7 18. Re1 Nb6 19. Qe2 Bf8 20. Rad1 Nd5 21. c4 bxc4 22. Qxc4 Bb7 23. Nxb7 Rxb7 24. Qxa6 Rbd7 25. Qe2 Qe8 26. Bf3 Nb6 27. Rxd7 Qxd7 28. Rd1 Qxd1+ 29. Qxd1 Rxd1+ 30. Bxd1 Nc4 31. Kf2 Be7 32.
Ke2 Kf8 33. Kd3 Nxa3 34. bxa3 Ke8 35. Kc4 Kd7 36. Bf3 Kc7 37. Kb5 c4 38. Kxc4 Bxa3 39.
Bd1 Bc1 40. Kd3 Ba3 41. Ba4 Kd8 42. Bc6 Bc5 43. Ke4 Bg1 44. h3 h5 45. Kf3 Bc5 46.
a4 Bb4 47. Ke4 Ba5 48. g4 hxg4 49. hxg4 Bc3 50. Kd3 Ba5 51. Be4 Bb4 52. Ke3 Ba5 53.
Kf3 Bb6 54. Kg3 Kd7 55. Bd3 Kd8 56. Bb5 Ke7 57. Kf3 Kd8 58. Ke4 Ba5 59. Kd3 Bb6 60.
Bc6 Ba5 61. Bf3 Bb6 62. Bd1 Ba5 63. Bb3 Kd7 64. Bc4 Bb6 65. Ke4 Ba5 66. Kf3 Bb6 67.
Kg3 Ba5 68. Kh4 Bd8+ 69. Kg3 Ba5 70. Kf3 Bb6 71. Ke4 Ba5 72. Bb5+ Kd8 73. Bc4 Kd7 74. Ba2 Kd8 75. Kd3 Kd7 76. Bb3 Kd8 77. f5 gxf5 78.
gxf5 exf5 79. Bxf7 Ke7 80. Bd5 Bc7 81. Kd4 f4 82. Bf3 Ba5 83. Ke4 Bd2 84. Bg4 Kf7 85. Kd3 Ba5 86. Kc4 Ke7 87. Kb5 Bd2 88. Kc6 Ba5 89.
Kd5 Bd2 90. Bf3 Ba5 91. Bd1 Bd2 92. Bg4 Ba5 93. Kc5 Bd2 94. Kd4 Ba5 95. Bd1 Bd2 96. Kd3 Ba5 97. Bb3 Bb4 98. Kc4 Be1 99. Bd1 Ba5 100. Kb5 Bd2 101. Kc4 Ba5 102. Kd5 Bd2 103. Bg4 Ba5 104. Kc5 Bd2 105. Kd4 Ba5 106. Kd3 Bb4 107. Ke4 Bd2 108. Be2 Kf7 109. Bd3 Ke7 110. Bc4 Kd7 111. Bd5 Ke7 112. Kf5 Ba5 113. Kxf4 Bd2+ 114. Ke4 Ba5 115. Kd4 Bc7 116. Bc4 Ba5 117. Kd5 Be1 118. Kc6 Bc3 119. e6 Ba5 120. Kb5 Be1 121. a5 Bf2 122. Kc6 Kd8 123. Kb7 Bc5 124. a6 Bd4 125. a7 Bxa7 126. Kxa7 Ke7 127. Kb6 Ke8 128. Ba2 Ke7 129. Kc5 Kf6 130. Kd6 Kg7 131. e7 Kf6 132. e8=Q Kf5 133. Qe5+ Kg4 134. Qf6 Kg3 135. Ke5 Kg2 136. Ke4 Kg1 137. Ke3 Kg2 138. Qg5+ Kh1 139. Kf2 Kh2 140. Qh5# 1-0